 Dungeon Crawl Stone Soup version 0.30-a0-352-g1e81539c98 (webtiles) character file.

Game seed: 10215089784666603489

233 Harunobu the Trooper (level 6, -1/40 HPs)
             Began as a Gargoyle Monk on Nov 7, 2022.
             Was a Believer of Okawaru.
             Slain by an ogre
             ... wielding a +0 giant spiked club
              (14 damage)
             ... on level 5 of the Dungeon.
             The game lasted 00:04:51 (3022 turns).

Harunobu the Trooper (Gargoyle Monk)                Turns: 3022, Time: 00:04:52

Health: -1/40      AC: 12    Str: 17    XL:     6   Next: 5%
Magic:  6/6        EV:  3    Int: 10    God:    Okawaru [**....]
Gold:   185        SH: 10    Dex: 12    Spells: 5/5 levels left

rFire   . . .      SeeInvis .    p - +0 flail (holy)
rCold   . . .      Faith    .    g - +0 tower shield
rNeg    + . .      Spirit   .    e - +0 chain mail
rPois   ∞          Reflect  .    (no helmet)
rElec   +          Harm     .    (no cloak)
rCorr   .          Rampage  .    (no gloves)
Will    .....                    (no boots)
Stlth   ..........               (no amulet)
HPRegen 0.26/turn                (no ring)
MPRegen 0.10/turn                (no ring)

@: studying Maces & Flails
A: sickness immunity, AC +4, negative energy resistance 1, electricity
resistance, torment resistance 1, petrification resistance
a: Renounce Religion, Heroism


You were on level 5 of the Dungeon.
You worshipped Okawaru.
Okawaru was pleased with you.
You visited 2 branches of the dungeon, and saw 6 of its levels.

You collected 185 gold pieces.

Inventory:

Hand Weapons
 a - a +0 mace
 p - a +0 flail of holy wrath (weapon)
Armour
 b - a +0 robe
 e - a +0 chain mail (worn)
 g - a +0 tower shield (worn)
Jewellery
 r - a ring of flight
Scrolls
 d - 3 scrolls of identify {unknown}
 f - 6 scrolls of magic mapping {unknown}
 h - a scroll of amnesia {unknown}
 j - a scroll of immolation {unknown}
 k - a scroll of teleportation {unknown}
 l - a scroll of torment {unknown}
 m - a scroll of enchant armour {unknown}
 q - 2 scrolls of fear {unknown}
Potions
 c - a potion of ambrosia
 i - a potion of resistance {unknown}
 n - 2 potions of curing {unknown}
 o - a potion of heal wounds {unknown}
 s - a potion of might {unknown}
 t - a potion of lignification {unknown}


   Skills:
 + Level 4.9 Fighting
 - Level 3.0 Maces & Flails
 + Level 3.7 Dodging
 + Level 4.4 Stealth


You had 5 spell levels left.
You didn't know any spells.
Your spell library contained the following spells:

 Spells                   Type           Power      Damage    Failure   Level
 Beastly Appendage        Tmut           0%         N/A       100%        1
 Scorch                   Fire           0%         2d5       100%        2
 Wereblood                Tmut           0%         N/A       100%        2
 Spider Form              Tmut/Pois      0%         N/A       100%        3
 Flame Wave               Conj/Fire      0%         2d4       100%        4
 Summon Cactus Giant      Summ           Unusable   N/A       N/A         6

Dungeon Overview and Level Annotations

Branches:
Dungeon (5/15)             Temple (1/1) D:4

Altars:
Okawaru
Ru


Innate Abilities, Weirdness & Mutations

You are immune to sickness and miasma.
Your stone body is resilient. (AC +4)
You are immune to poison.
You resist negative energy. (rN+)
You are resistant to electric shocks. (rElec)
You are resistant to unholy torment.
You are immune to petrification.


Message History

There is a stone staircase leading down here.
Things that are here:
a +0 dagger; a goblin skeleton
There is a stone staircase leading down here.
You climb downwards.
There is a stone staircase leading up here.
You climb upwards.
There is a stone staircase leading down here.
Things that are here:
a +0 leather armour; 3 boomerangs
There is a stone staircase leading down here.
You climb downwards.
The kobold hits you but does no damage.
There is a stone staircase leading up here.
You hit the kobold.
You kill the kobold!
Okawaru accepts your kill.
Things that are here:
a +0 dagger; a kobold corpse
There is a stone staircase leading up here.
You climb upwards.
There is a stone staircase leading down here.
Things that are here:
a +0 dagger; a goblin skeleton
There is a stone staircase leading down here.
You climb downwards.
There is a stone staircase leading up here.
The ogre shouts!
There is a stone staircase leading down here.
You climb downwards.
There is a stone staircase leading up here.
An ogre comes into view. It is wielding a +0 giant spiked club.
The ogre shouts!
You barely miss the ogre. You block the ogre's attack.
You barely miss the ogre.
The ogre hits you with a +0 giant spiked club!!
The ogre hits you with a +0 giant spiked club!
You hit the ogre.
The ogre is lightly wounded.
The ogre hits you with a +0 giant spiked club!
You die...

#. #.... #.## #... #..# #.. #.# .
##..# # #.# #.# . ##+#
.....#####.###.###. ##...##
#..#.##............ #.....##
###..O.##...........# .......##
##.##@# #...)....##.#
........####...#.####........##.#
........'.......................'
........####...#.####...........#
.......## ##.##.# #.......#####
#.....## ####.# ####.#### ##...##
####.# #.# ##'## #....# #.# #.#
#.#### #.


You could see an ogre.

Vanquished Creatures
  A phantom (D:4)
  2 hounds
  An orc wizard (D:4)
  2 adders (D:3)
  3 worms
  2 dart slugs
  An orc (D:3)
  2 ball pythons
  3 endoplasms
  A giant cockroach (D:4)
  3 goblins
  4 hobgoblins
  A jackal (D:4)
  A quokka (D:3)
  12 bats
  3 frilled lizards
  7 kobolds
  A rat (D:1)
50 creatures vanquished.

Notes
Turn   | Place    | Note
-------+----------+-------------------------------------------
     0 | D:1      | Harunobu the Gargoyle Monk began the quest for the Orb.
     0 | D:1      | Reached XP level 1. HP: 14/14 MP: 1/1
     6 | D:1      | Noticed a hound
     6 | D:1      | Noticed a black mamba
     6 | D:1      | Noticed a komodo dragon
     7 | D:1      | Noticed a swamp worm
   456 | D:1      | Reached XP level 2. HP: 19/19 MP: 2/2
   712 | D:1      | Found a faded altar of an unknown god.
  1128 | D:2      | Reached XP level 3. HP: 15/24 MP: 3/3
  1501 | D:2      | Reached XP level 4. HP: 22/29 MP: 4/4
  2416 | D:4      | Found a staircase to the Ecumenical Temple.
  2421 | Temple   | Entered the Ecumenical Temple
  2448 | Temple   | Became a worshipper of Warmaster Okawaru
  2448 | Temple   | Reached * piety under Okawaru
  2448 | Temple   | Reached ** piety under Okawaru
  2540 | D:4      | Found a sacrificial altar of Ru.
  2550 | D:4      | Reached XP level 5. HP: 34/34 MP: 5/5
  2728 | D:4      | Noticed a phantom
  2743 | D:5      | Entered Level 5 of the Dungeon
  2830 | D:4      | Killed a phantom
  2831 | D:4      | Reached XP level 6. HP: 36/40 MP: 6/6
  3022 | D:5      | Slain by an ogre

Illustrated notes

Levels and vault maps discovered:
D:1:      onia_arrival_zoo_common, layout_loops_corners,
          ebering_ecumenical_altar_sacrificial
D:2:      layout_loops_ring
D:3:      layout_basic
D:4:      layout_rooms, nemelex_dance_club_becter, amcnicky_altar_gilded,
          nicolae_ru_great_annihilating_truth, overflow_temple_1_default,
          temple_doors_e, hangedman_decor_growths
D:5:      layout_loops_corners, serial_shops, shop, item_on_display_a
Temple:   minmay_temple_curvy_branch

Skill      XL: |  1  2  3  4  5 |
---------------+----------------+-----
Fighting       | 4 |  4.9
Dodging        | 3 |  3.7
Stealth        | 3 4 |  4.4
Maces & Flails | |  3.0

Action                   |  1- 3 |  4- 6 || total
-------------------------+-------+-------++-------
Melee: Mace              |    87 |    26 ||   113
       Flail             |       |    66 ||    66
 Stab: Sleeping          |     1 |       ||     1
       Paralysed         |       |     1 ||     1
Armor: Chain mail        |    63 |    58 ||   121
       Robe              |     3 |       ||     3
Dodge: Dodged            |    26 |    15 ||    41
Block: Tower shield      |    47 |    48 ||    95

Table legend: (Time is in decaauts)
 A = Elapsed time spent in this place.
 B = Non-inter-level travel time spent in this place.
 C = Inter-level travel time spent in this place.
 D = Time resting spent in this place.
 E = Time spent auto-exploring this place.
 F = Levels seen in this place.
 G = Mean time per level.
                   A        B        C        D        E       F      G
               +--------+--------+--------+--------+--------+-----+--------+
         Total |   3139 |   2938 |    201 |    366 |   1823 |   6 |  523.2 |
       Dungeon |   3089 |   2909 |    180 |    366 |   1801 |   5 |  617.8 |
        Temple |     49 |     28 |     21 |      0 |     22 |   1 |   49.0 |
               +--------+--------+--------+--------+--------+-----+--------+

Top non-repeatable levels by time:
     D:1: 915 daAuts
     D:2: 902 daAuts
     D:3: 745 daAuts
     D:4: 434 daAuts
     D:5: 91 daAuts
  Temple: 49 daAuts
